 Dungeon Crawl Stone Soup version 0.26-a0-611-g354ed81502 (webtiles) character file.

Game seed: 7595564044494938835

3150 Gargoyl the Fighter (level 9, -2/74 HPs)
             Began as a Gnoll Abyssal Knight on Sept 5, 2020.
             Was a High Priest of Lugonu.
             Slain by an orc knight
             ... wielding a +0 broad axe
              (12 damage)
             ... in a bailey.
             The game lasted 00:14:24 (7236 turns).

Gargoyl the Fighter (Gnoll Abyssal Knight)          Turns: 7236, Time: 00:14:25

Health: -2/74      AC: 11    Str: 18    XL:     9   Next: 93%
Magic:  0/16       EV: 15    Int: 14    God:    Lugonu [*****.]
Gold:   405        SH:  0    Dex: 15    Spells: 17/17 levels left

rFire    . . .     SeeInvis .   a - +3 hand axe
rCold    . . .     Faith    .   (no shield)
rNeg     . . .     Spirit   +   c - +3 leather armour "Mulom" {Regen+}
rPois    .         Reflect  .   (helmet restricted)
rElec    .         Harm     .   r - +1 cloak
rCorr    .                      i - +1 pair of gloves
MR       .....                  y - +0 pair of boots
Stlth    +++.......             f - amulet of guardian spirit
HPRegen  0.62/turn              d - ring of flight
MPRegen  0.15/turn              (no ring)

@: no status effects
A: distributed training, claws 1, fangs 1, horns 1, deformed body, strong nose
a: Depart the Abyss, Bend Space, Banish, Corrupt, Enter the Abyss, Renounce
Religion, Evoke Flight


You were in a bailey.
You worshipped Lugonu.
Lugonu was extremely pleased with you.
You visited 1 branch of the dungeon, and saw 7 of its levels.
You visited the Abyss 1 time.
You also visited: Ossuary and Bailey.

You collected 405 gold pieces.

Inventory:

Hand Weapons
 a - a +3 hand axe (weapon)
Missiles
 b - 26 boomerangs (quivered)
Armour
 c - the +3 leather armour "Mulom" (worn) {Regen+}
   (You took it off an orc on level 4 of the Dungeon)

   It increases your rate of regeneration.
 i - a +1 pair of gloves (worn)
 m - a +0 helmet
 r - a +1 cloak (worn)
 y - a +0 pair of boots (worn)
Jewellery
 d - a ring of flight (left hand)
 f - an amulet of guardian spirit (around neck)
 h - an uncursed ring of fire
Wands
 e - a wand of iceblast (15)
Scrolls
 g - 4 scrolls of teleportation
 j - 6 scrolls of remove curse
 n - 4 scrolls of identify
 x - 2 scrolls of enchant armour
Potions
 k - a potion of cancellation
 l - a potion of magic
 o - 2 potions of ambrosia
 p - 3 potions of curing
 q - 4 potions of haste
 t - a potion of flight
 u - a potion of heal wounds
 v - a potion of brilliance {unknown}
 w - a potion of lignification
 z - a potion of berserk rage {unknown}


   Skills:
 + Level 8.1 Fighting
 + Level 4.7 Short Blades
 + Level 4.7 Long Blades
 + Level 6.6 Axes
 + Level 4.7 Maces & Flails
 + Level 4.7 Polearms
 + Level 4.7 Staves
 + Level 4.7 Slings
 + Level 4.7 Bows
 + Level 4.7 Crossbows
 + Level 4.7 Throwing
 + Level 6.6 Armour
 + Level 5.4 Dodging
 + Level 4.7 Stealth
 + Level 4.7 Shields
 + Level 4.7 Unarmed Combat
 + Level 4.7 Spellcasting
 + Level 3.9 Conjurations
 + Level 3.9 Hexes
 + Level 3.9 Summonings
 + Level 3.9 Necromancy
 + Level 3.9 Translocations
 + Level 3.9 Transmutations
 + Level 3.9 Fire Magic
 + Level 3.9 Ice Magic
 + Level 3.9 Air Magic
 + Level 3.9 Earth Magic
 + Level 3.9 Poison Magic
 + Level 7.0 Invocations
 + Level 4.7 Evocations


You had 17 spell levels left.
You didn't know any spells.
Your spell library contained the following spells:

 Spells                   Type           Power        Failure   Level
 Magic Dart               Conj           ##..         4%          1
 Blink                    Tloc           N/A          6%          2
 Call Imp                 Summ           ##......     6%          2
 Slow                     Hex            ##......     6%          2
 Conjure Flame            Conj/Fire      ##......     12%         3
 Mephitic Cloud           Conj/Pois/Air  ##......     12%         3


Dungeon Overview and Level Annotations

Branches:
Dungeon (7/15)             Temple (0/1) D:4         Ossuary (visited)
 Bailey (1/1)

Altars:
Cheibriados
Dithmenos
Elyvilon
Hepliaklqana
Okawaru
Ru
Xom
Yredelemnul


Innate Abilities, Weirdness & Mutations

Your experience applies equally to all skills.
You have very sharp teeth.
Your uncanny sense of smell can sniff out nearby items.
You have sharp fingernails.
You have a pair of small horns on your head.
Armour fits poorly on your strangely shaped body.


Message History

You hit the orc knight but do no damage.
The orc knight is almost dead.
The orc warrior no longer looks unusually strong.
You hit the orc knight.
You headbutt the orc knight, but do no damage.
The orc knight is almost dead.
The orc no longer looks unusually strong. x2
The orc knight hits you with a +0 broad axe!
* * * LOW HITPOINT WARNING * * *
Unknown command.
You hit the orc knight but do no damage.
The orc knight is almost dead.
The orc no longer looks unusually strong.
The orc knight hits you with a +0 broad axe!
* * * LOW HITPOINT WARNING * * *
Unknown command.
You hit the orc knight.
The orc knight is almost dead.
The orc knight hits you with a +0 broad axe!
You die...

#(###≈.≈###'#
#.(..≈.≈....#
#'###≈.≈###(#
#....≈.≈..((#
#'###≈.≈###(#
#^.†.≈.≈....#
#'###≈.≈###'#
#....≈.≈...^#
#'###≈@≈###(#
#..÷.≈o≈....#
#'###≈o≈###'#
#...÷≈g≈....#
######o######


#ogg# #ooo# #go.# ##'## You could see an orc knight, 2 orc warriors, a gnoll, 5
orcs, a hobgoblin and 2 goblins.

Vanquished Creatures
  The ghost of ZangPog the Fighter, a novice GnWn of Lugonu (D:4)
  Sigmund (D:2)
  An ice beast (D:5)
  2 phantoms
  An orc warrior (Bailey)
  A sky beast (D:7)
  2 ogres
  3 centaurs
  A gnoll sergeant (D:6)
  A bullfrog (D:6)
  A scorpion (D:5)
  A killer bee (D:7)
  A howler monkey (D:6)
  Crazy Yiuf (D:2)
  8 orc wizards
  2 human zombies (Ossuary)
  3 orc priests
  A jelly (D:6)
  Ijyb (D:3)
  3 gnoll shamans
  2 worker ants (D:6)
  A killer bee zombie (D:6)
  A big kobold zombie (Ossuary)
  A hound skeleton (D:2)
  3 mummies (Ossuary)
  36 gnolls
  10 adders
  A shadow imp (D:7)
  2 ufetubi
  4 adder skeletons
  2 adder zombies (D:6)
  2 worms
  A dart slug (D:1)
  4 leopard geckos
  31 orcs
  6 giant cockroaches
  A gnoll zombie (Ossuary)
  9 goblins
  10 hobgoblins
  42 jackals
  19 kobolds
  7 quokkas
  6 bats
  6 frilled lizards
  A goblin zombie (Ossuary)
  2 kobold zombies (Ossuary)
  An orc zombie (Ossuary)
  A quokka skeleton (D:2)
  4 rats
252 creatures vanquished.

Vanquished Creatures (others)
  A withered plant (D:2)
1 creature vanquished.

Grand Total: 253 creatures vanquished

Notes
Turn   | Place    | Note
-------+----------+-------------------------------------------
     0 | Abyss:1  | Gargoyl the Gnoll Abyssal Knight began the quest for the
                  | Orb.
     0 | Abyss:1  | Reached XP level 1. HP: 23/23 MP: 3/3
    47 | Abyss:2  | Found a corrupted altar of Lugonu.
    91 | Abyss:2  | Noticed a flayed ghost
   104 | Abyss:2  | Noticed a demonic crawler
   150 | Abyss:2  | Noticed a starcursed mass
   153 | Abyss:2  | Noticed a flying skull
   154 | Abyss:2  | Noticed a soul eater
   171 | Abyss:2  | Noticed a rakshasa
   171 | D:1      | Escaped the Abyss
   673 | D:1      | Reached XP level 2. HP: 29/29 MP: 5/5
   678 | D:1      | Reached * piety under Lugonu
  1255 | D:2      | Reached XP level 3. HP: 34/35 MP: 6/6
  1278 | D:2      | Noticed Sigmund
  1308 | D:2      | Killed Sigmund
  1308 | D:2      | Reached skill level 1 in Short Blades
  1308 | D:2      | Reached skill level 1 in Long Blades
  1308 | D:2      | Reached skill level 1 in Maces & Flails
  1308 | D:2      | Reached skill level 1 in Polearms
  1308 | D:2      | Reached skill level 1 in Staves
  1308 | D:2      | Reached skill level 1 in Slings
  1308 | D:2      | Reached skill level 1 in Bows
  1308 | D:2      | Reached skill level 1 in Crossbows
  1308 | D:2      | Reached skill level 1 in Throwing
  1308 | D:2      | Reached skill level 1 in Stealth
  1308 | D:2      | Reached skill level 1 in Shields
  1308 | D:2      | Reached skill level 1 in Unarmed Combat
  1308 | D:2      | Reached skill level 1 in Spellcasting
  1308 | D:2      | Reached skill level 1 in Conjurations
  1308 | D:2      | Reached skill level 1 in Hexes
  1308 | D:2      | Reached skill level 1 in Summonings
  1308 | D:2      | Reached skill level 1 in Necromancy
  1308 | D:2      | Reached skill level 1 in Translocations
  1308 | D:2      | Reached skill level 1 in Transmutations
  1308 | D:2      | Reached skill level 1 in Fire Magic
  1308 | D:2      | Reached skill level 1 in Ice Magic
  1308 | D:2      | Reached skill level 1 in Air Magic
  1308 | D:2      | Reached skill level 1 in Earth Magic
  1308 | D:2      | Reached skill level 1 in Poison Magic
  1308 | D:2      | Reached skill level 1 in Evocations
  1308 | D:2      | Reached XP level 4. HP: 23/41 MP: 4/7
  1308 | D:2      | Reached XP level 5. HP: 27/47 MP: 4/8
  1599 | D:2      | Found a sacrificial altar of Ru.
  1599 | D:2      | Found a shadowy altar of Dithmenos.
  2015 | D:2      | Found a runed translucent door.
  2016 | D:2      | Noticed Crazy Yiuf
  2096 | D:2      | Killed Crazy Yiuf
  2096 | D:2      | Reached skill level 5 in Invocations
  2096 | D:2      | Reached XP level 6. HP: 28/53 MP: 4/9
  2362 | D:3      | Found a basalt altar of Yredelemnul.
  2420 | D:3      | Reached ** piety under Lugonu
  2538 | D:3      | Reached skill level 5 in Axes
  2538 | D:3      | Reached skill level 5 in Armour
  2879 | D:3      | Noticed Ijyb
  2915 | D:3      | Killed Ijyb
  3360 | D:4      | Found a shimmering altar of Xom.
  3362 | D:4      | Found a hazy altar of Hepliaklqana.
  3362 | D:4      | Found an iron altar of Okawaru.
  3367 | D:4      | Found a white marble altar of Elyvilon.
  3367 | D:4      | Found a hazy altar of Hepliaklqana.
  3367 | D:4      | Found a snail-covered altar of Cheibriados.
  3400 | D:4      | Found a staircase to the Ecumenical Temple.
  3402 | D:4      | Identified the +3 leather armour "Mulom" {Regen+}
  3429 | D:4      | Reached XP level 7. HP: 43/59 MP: 7/10
  3453 | D:4      | Reached *** piety under Lugonu
  3674 | D:4      | Reached skill level 7 in Fighting
  3901 | D:4      | Found a runed translucent door.
  3904 | D:4      | Noticed ZangPog's ghost (novice GnWn)
  3937 | D:4      | Killed ZangPog's ghost
  3937 | D:4      | Reached XP level 8. HP: 36/67 MP: 5/12
  4215 | D:5      | Entered Level 5 of the Dungeon
  4310 | D:5      | Found a sand-covered staircase.
  4315 | Ossuary  | Entered an ossuary
  4631 | D:5      | Gained mutation: You have a pair of small horns on your
                  | head. [potion of mutation]
  4631 | D:5      | Gained mutation: Armour fits poorly on your strangely
                  | shaped body. [potion of mutation]
  4631 | D:5      | Gained mutation: You have sharp fingernails. [potion of
                  | mutation]
  5111 | D:5      | Reached **** piety under Lugonu
  5187 | D:6      | Reached XP level 9. HP: 65/72 MP: 11/14
  5778 | D:6      | Reached ***** piety under Lugonu
  5871 | D:6      | Found a snail-covered altar of Cheibriados.
  6042 | D:6      | Reached skill level 5 in Dodging
  6599 | D:6      | Reached skill level 8 in Fighting
  6889 | D:7      | Noticed a hornet
  6899 | D:7      | Banished a hornet
  6904 | D:7      | Found a flagged portal.
  6912 | Bailey   | Entered a bailey
  7191 | Bailey   | Noticed an orc knight
  7236 | Bailey   | Slain by an orc knight

Illustrated notes

Levels and vault maps discovered:
D:1:      dpeg_arrival_shelter, layout_basic
D:2:      layout_basic, gammafunk_temple_overflow_wave, serial_undead,
          serial_undead_b, serial_undead_e, serial_undead_f, serial_undead_c,
          serial_undead_d, serial_undead_a, uniq_sigmund,
          uniq_crazy_yiuf_cottage
D:3:      layout_basic, yredelemnul_altar_generic, uniq_ijyb
D:4:      layout_basic, doesnt_xom_only_xom, minmay_temple_entry_stoned_glass,
          ebering_ghost_sewer_d
D:5:      layout_basic, enter_ossuary_2
D:6:      lemuel_castle_with_subvaults [lemuel_castle_interior_carwin_2],
          layout_basic, cheibriados_altar_1
D:7:      layout_basic, grunt_gozag_statues, nicolae_qazlal_style_of_elements,
          marbit_many_paths, enter_bailey_3, palyth_stone_intersect
Bailey:   bailey_axe_1, bailey

Skill      XL: |  1  2  3  4  5  6  7  8  9 |
---------------+----------------------------+-----
Short Blades   | 1 2 3 4 |  4.7
Long Blades    | 1 2 3 4 |  4.7
Maces & Flails | 1 2 3 4 |  4.7
Polearms       | 1 2 3 4 |  4.7
Staves         | 1 2 3 4 |  4.7
Slings         | 1 2 3 4 |  4.7
Bows           | 1 2 3 4 |  4.7
Crossbows      | 1 2 3 4 |  4.7
Throwing       | 1 2 3 4 |  4.7
Dodging        | 3 4 5 |  5.4
Stealth        | 1 2 3 4 |  4.7
Shields        | 1 2 3 4 |  4.7
Unarmed Combat | 1 2 3 4 |  4.7
Spellcasting   | 1 2 3 4 |  4.7
Conjurations   | 1 2 3 |  3.9
Hexes          | 1 2 3 |  3.9
Summonings     | 1 2 3 |  3.9
Necromancy     | 1 2 3 |  3.9
Translocations | 1 2 3 |  3.9
Transmutations | 1 2 3 |  3.9
Fire Magic     | 1 2 3 |  3.9
Ice Magic      | 1 2 3 |  3.9
Air Magic      | 1 2 3 |  3.9
Earth Magic    | 1 2 3 |  3.9
Poison Magic   | 1 2 3 |  3.9
Evocations     | 1 2 3 4 |  4.7
Invocations    | 5 6 7 |  7.0
Axes           | 5 6 |  6.6
Armour         | 5 6 |  6.6
Fighting       | 7 8 |  8.1

Action                   |  1- 3 |  4- 6 |  7- 9 || total
-------------------------+-------+-------+-------++-------
Melee: Hand axe          |    67 |   207 |   554 ||   828
       Bite              |     5 |    22 |    54 ||    81
       Punch             |       |     2 |    10 ||    12
       Headbutt          |       |       |    78 ||    78
Invok: Depart the Abyss  |     1 |       |       ||     1
       Bend Space        |       |       |     2 ||     2
       Banish            |       |       |     1 ||     1
  Use: Scroll            |     2 |    11 |     9 ||    22
       Potion            |     1 |     2 |     3 ||     6
 Stab: Invisible         |       |     3 |       ||     3
       Sleeping          |       |       |     6 ||     6
       Distracted        |       |       |     1 ||     1
Armor: Leather armour    |    21 |       |   214 ||   235
       Ring mail         |     8 |   106 |     7 ||   121
Dodge: Dodged            |    56 |   156 |   517 ||   729

Table legend: (Time is in decaauts)
 A = Elapsed time spent in this place.
 B = Non-inter-level travel time spent in this place.
 C = Inter-level travel time spent in this place.
 D = Time resting spent in this place.
 E = Time spent auto-exploring this place.
 F = Levels seen in this place.
 G = Mean time per level.
                   A        B        C        D        E       F      G
               +--------+--------+--------+--------+--------+-----+--------+
         Total |   7244 |   7065 |    179 |   1035 |   3750 |  11 |  658.5 |
       Dungeon |   6476 |   6297 |    179 |    851 |   3638 |   7 |  925.1 |
         Abyss |    150 |    150 |      0 |      0 |     70 |   2 |   75.0 |
       Ossuary |    296 |    296 |      0 |     37 |     36 |   1 |  296.0 |
        Bailey |    321 |    321 |      0 |    147 |      6 |   1 |  321.0 |
               +--------+--------+--------+--------+--------+-----+--------+

Top non-repeatable levels by time:
     D:6: 1302 daAuts
     D:1: 1081 daAuts
     D:4: 1050 daAuts
     D:2: 1014 daAuts
     D:5: 975 daAuts
     D:3: 916 daAuts
  Bailey: 321 daAuts
 Ossuary: 296 daAuts
     D:7: 135 daAuts
 Abyss:2: 103 daAuts
 Abyss:1: 46 daAuts
